 Dungeon Crawl Stone Soup version 0.24.1-14-gf8d2b509d9 (webtiles) character file.

Game seed: 6295295743525121386, levelgen mode: deterministic

148409 Gruesph the Spry (level 17, -4/142 HPs)
             Began as a Merfolk Skald on May 17, 2020.
             Was the Champion of Yredelemnul.
             Slain by a nagaraja
             ... wielding a +0 flail
              (21 damage)
             ... on level 4 of the Snake Pit on May 18, 2020.
             The game lasted 02:54:53 (46822 turns).

Gruesph the Spry (Merfolk Skald)                   Turns: 46822, Time: 02:54:54

Health: -4/142     AC: 17    Str: 16    XL:     17   Next: 49%
Magic:  25/31      EV: 19    Int: 14    God:    Yredelemnul [******]
Gold:   103        SH:  8    Dex: 14    Spells: 18/37 levels left

rFire    + . .     SeeInvis .   a - +9 spear of Luxury {elec, MR++}
rCold    + . .     Gourm    +   X - +0 shield
rNeg     . . .     Faith    .   N - +2 leather armour "Pohygh" {rElec rF+}
rPois    +         Spirit   .   L - +2 helmet of Ucierifi {rPois rCorr}
rElec    +         Reflect  .   F - +1 cloak
rCorr    +         Harm     .   J - +2 pair of gloves {archery}
MR       ++++.                  w - +0 pair of boots
Stlth    +.........             R - amulet of the gourmand
HPRegen  1.33/turn              y - ring of protection from magic
MPRegen  0.22/turn              W - ring of protection from cold

@: very slightly contaminated, regenerating
A: change form in water, swift swim, stealthy swim
a: Recall Undead Slaves, Injury Mirror, Animate Dead, Drain Life, Enslave Soul,
Renounce Religion


You were on level 4 of the Snake Pit.
You worshipped Yredelemnul.
Yredelemnul was exalted by your worship.
You were not hungry.

You visited 5 branches of the dungeon, and saw 28 of its levels.
You also visited: Bailey, Ice Cave and Volcano.

You collected 3279 gold pieces.
You spent 3176 gold pieces at shops.

Inventory:

Hand Weapons
 a - the +9 spear of Luxury (weapon) {elec, MR++}
   (You found it on level 4 of the Lair of Beasts)

   Occasionally, upon striking a foe, it will discharge some electrical energy
   and cause terrible harm.
   It affects your resistance to hostile enchantments.
Armour
 w - a +0 pair of boots (worn)
 F - a +1 cloak (worn)
 J - a +2 pair of gloves of archery (worn)
 L - the +2 helmet of Ucierifi (worn) {rPois rCorr}
   (You found it on level 4 of the Lair of Beasts)

   It protects you from poison.
   It provides partial protection from all sources of acid and corrosion.
 N - the +2 leather armour "Pohygh" (worn) {rElec rF+}
   (You bought it in a shop on level 2 of the Orcish Mines)

   It protects you from fire.
   It insulates you from electricity.
 X - a +0 shield (worn)
Jewellery
 y - a ring of protection from magic (left hand)
 A - a +5 ring of strength
 K - an uncursed ring of positive energy
 Q - an uncursed ring of protection from fire
 R - an amulet of the gourmand (around neck)
 W - a ring of protection from cold (right hand)
Wands
 p - a wand of flame (17)
 s - a wand of disintegration (12)
 u - a wand of polymorph (13)
 E - a wand of iceblast (12)
 G - a wand of digging (20)
 H - a wand of paralysis (28)
Scrolls
 i - 3 scrolls of identify
 k - 3 scrolls of immolation
 l - 7 scrolls of teleportation
 o - a scroll of summoning {unknown}
 r - 15 scrolls of remove curse
 v - 4 scrolls of magic mapping
 x - 5 scrolls of enchant armour
 B - 6 scrolls of enchant weapon
 M - 4 scrolls of amnesia
 O - 2 scrolls of fear
 U - a scroll of blinking
 V - 3 scrolls of fog
 Y - a scroll of vulnerability
 Z - a scroll of brand weapon
Potions
 b - 3 potions of agility
 c - 12 potions of curing
 d - 3 potions of lignification
 e - 8 potions of flight
 g - 3 potions of mutation
 h - 4 potions of heal wounds
 j - 3 potions of magic
 n - 4 potions of might
 q - 3 potions of cancellation
 t - 2 potions of invisibility
 z - 2 potions of haste
 C - a potion of ambrosia
 D - 3 potions of brilliance
 S - 3 potions of berserk rage
 T - a potion of resistance
Miscellaneous
 m - a sack of spiders
 P - a lamp of fire
Comestibles
 f - 27 rations


   Skills:
 - Level 15.0 Fighting
 - Level 14.0 Polearms
 * Level 9.6 Armour
 - Level 15.0 Dodging
 + Level 2.3 Shields
 + Level 10.6 Spellcasting
 - Level 3.0 Hexes
 - Level 10.0 Charms
 - Level 3.0 Necromancy
 - Level 5.0 Translocations
 + Level 10.8 Invocations
 + Level 7.3 Evocations


You had 18 spell levels left.
You knew the following spells:

 Your Spells              Type           Power        Failure   Level  Hunger
a - Infusion              Chrm           ####         1%          1    None
b - Song of Slaying       Chrm           #####...     1%          2    None
c - Shroud of Golubria    Chrm/Tloc      ####..       4%          2    None
d - Regeneration          Chrm/Necr      ####......   12%         3    #......
e - Spectral Weapon       Hex/Chrm       ####....     12%         3    #......
g - Passage of Golubria   Tloc           N/A          61%         4    ###....
s - Swiftness             Chrm/Air       ###.....     12%         2    None
z - Blink                 Tloc           N/A          12%         2    None

Your spell library contained the following spells:

 Spells                   Type           Power        Failure   Level  Hunger
 Confusing Touch          Hex            ###...       17%         1    None
 Corona                   Hex            ###....      17%         1    None
 Gell's Gravitas          Tloc           ###.......   24%         3    #......
 Slow                     Hex            ###.....     26%         2    None
 Ensorcelled Hibernation  Hex/Ice        ##....       43%         2    None
 Confuse                  Hex            ###.....     45%         3    #......
 Tukima's Dance           Hex            ###.....     45%         3    #......
 Beastly Appendage        Tmut           #.....       52%         1    None
 Flame Tongue             Conj/Fire      #....        52%         1    None
 Magic Dart               Conj           #...         52%         1    None
 Summon Small Mammal      Summ           #...         52%         1    None
 Recall                   Summ/Tloc      N/A          54%         3    #......
 Call Imp                 Summ           #.......     67%         2    None
 Passwall                 Tmut/Erth      #.......     67%         2    None
 Sticks to Snakes         Tmut           #.......     67%         2    None
 Throw Flame              Conj/Fire      #.....       67%         2    None
 Dazzling Spray           Conj/Hex       ##....       67%         3    #......
 Inner Flame              Hex/Fire       ##......     67%         3    #......
 Summon Guardian Golem    Hex/Summ       ##......     67%         3    #......
 Animate Dead             Necr           N/A          86%         4    ###....
 Call Canine Familiar     Summ           #.......     88%         3    #......
 Conjure Flame            Conj/Fire      #.......     88%         3    #......
 Mephitic Cloud           Conj/Pois/Air  #.......     88%         3    #......
 Spider Form              Tmut/Pois      #.........   88%         3    #......
 Leda's Liquefaction      Hex/Erth       ##........   97%         4    ###....
 Ice Form                 Ice/Tmut       #.......     99%         4    ###....
 Petrify                  Tmut/Erth      #.......     99%         4    ###....
 Sticky Flame             Conj/Fire      #.......     99%         4    ###....
 Summon Ice Beast         Ice/Summ       #.......     99%         4    ###....
 Summon Lightning Spire   Summ/Air       #.......     99%         4    ###....
 Blade Hands              Tmut           #.........   100%        5    #####..
 Bolt of Magma            Conj/Fire/Erth #.........   100%        5    #####..
 Borgnjor's Vile Clutch   Necr/Erth      ##........   100%        5    #####..
 Fireball                 Conj/Fire      #.........   100%        5    #####..
 Lee's Rapid Deconstruct  Erth           #.........   100%        5    #####..
 Metabolic Englaciation   Hex/Ice        ##........   100%        5    #####..
 Yara's Violent Unravell  Hex/Tmut       ##........   100%        5    #####..
 Darkness                 Hex            ###.......   100%        6    ######.
 Death Channel            Necr           ###.......   100%        6    ######.
 Invisibility             Hex            ###.....     100%        6    ######.
 Iron Shot                Conj/Erth      #.........   100%        6    ######.
 Simulacrum               Ice/Necr       ##........   100%        6    ######.
 Statue Form              Tmut/Erth      #........    100%        6    ######.
 Shatter                  Erth           #.........   100%        9    #######


Dungeon Overview and Level Annotations

Branches:
Dungeon (15/15)            Temple (1/1) D:7            Lair (6/6) D:8
 Shoals (0/4) Lair:2        Snake (4/4) Lair:3        Slime (0/5) Lair:5
    Orc (2/2) D:12            Elf (0/3) Orc:2        Vaults (0/5) D:14
 Depths (0/5) D:15         Bailey (visited)           IceCv (visited)
Volcano (visited)

Altars:
Ashenzari
Cheibriados
Dithmenos
Elyvilon
Fedhas
Gozag
Hepliaklqana
Kikubaaqudgha
Makhleb
Nemelex Xobeh
Okawaru
Qazlal
Ru
Sif Muna
Trog
Uskayaw
Vehumet
Wu Jian
Xom
Yredelemnul
Zin
The Shining One
Beogh
Jiyva

Shops:
D:4 [   D:7 }   Orc:2 :*[(   Snake:1 }   Snake:3 *   Snake:4 :?!!

Portals:
Trove: D:10 (show abyssal rune of Zot)

Annotations:
D:2 1 runed translucent door, Crazy Yiuf
Lair:5 exclusion: oklob plant


Message History

The guardian serpent barely misses your vampire knight.
The guardian serpent closely misses your vampire knight.
Okay, then.
Press: ? - help, v - describe, . - travel
Here: a nagaraja, wielding a +0 vampiric halberd and wearing a +0 robe (moderately wounded, fast, catching its breath, umbra)
The floor.
The guardian serpent barely misses your wraith.
The guardian serpent coils itself and waves its upper body at you.
Your vampire knight resists with almost no effort.
The guardian serpent coils itself and performs some mystic snake dance.
The nagaraja blinks!
The guardian serpent blinks! x2; The nagaraja blinks! x2
The naga mage blinks!
The naga warrior blinks into view!
The guardian serpent blinks!
The guardian serpent hits you!
* * * LOW HITPOINT WARNING * * *
Your vampire knight hits the naga warrior with a cursed +0 broad axe!
Your vampire knight bites the naga warrior.
Your vampire knight draws strength from the naga warrior's injuries!
The nagaraja hits you with a +0 flail!!
You die...
Your body rises from the dead as a mindless zombie.

#.N.# ###§### ##.##
####.))†.#### #####...
##...........###
#......##.........Z.....##
.......#.........Zn§..V..#
......##......⌠...V.VDAZ.##
......#........SNN.nW§S...#
......#[.......N@S.WW§§§..#
......)....⌠...NNS..§V§...#
......#.......#####.....D.#
......##................Z##
Z......###....⌠...⌠....###.
.........###....)....###...
#..........####...####.....
##.............#.#ZZ.......
###.............ZZ........


You could see a naga warrior, 3 nagarajas, 4 guardian serpents, a naga mage, a
friendly bone dragon, a friendly profane servitor, 2 friendly ghouls, 4 friendly
vampire knights, a friendly flayed ghost, 2 friendly wraiths, 2 friendly naga
zombies and a friendly naga ritualist zombie.

Vanquished Creatures
  Kirke (D:14)
  6 nagarajas
  Louise (D:14)
  A stone giant (Volcano)
  An ettin (Orc:2)
  Fannar (Orc:1)
  13 naga warriors
  8 hydras
  2 vault guards (D:14)
  2 catoblepae
  3 anacondas
  A centaur warrior (D:14)
  An ogre mage (D:14)
  A deep troll shaman (Lair:6)
  4 death yaks
  A two-headed ogre (D:15)
  Urug (D:13)
  5 shock serpents
  2 orc high priests (Orc:2)
  2 naga sharpshooters
  The ghost of Ananasrisotto the Spear-Bearer, a novice HOMo of Beogh (D:8)
  A salamander mystic (Snake:3)
  3 skeletal warriors (D:14)
  An unseen horror (D:12)
  2 sea snakes (Snake:3)
  A wizard (D:14)
  A glowing orange brain (D:15)
  2 naga ritualists
  A swamp dragon (shapeshifter) (D:15)
  A deep elf archer (D:14)
  A glowing orange brain (shapeshifter) (D:13)
  3 orc sorcerers
  4 mana vipers
  A deep elf mage (D:15)
  20 ugly things
  4 orc knights
  A wolf spider (shapeshifter) (D:15)
  5 cyclopes
  4 salamanders
  Joseph (D:8)
  24 black mambas
  2 centaur zombies
  2 manticores (D:15)
  6 elephants (Lair:6)
  A gargoyle (D:13)
  5 naga magi (Snake:3)
  9 guardian serpents
  An efreet (Volcano)
  7 spiny frogs
  8 komodo dragons
  A harpy zombie (D:15)
  4 trolls
  A polar bear (shapeshifter) (D:15)
  A polar bear (Lair:3)
  A tengu conjurer (D:15)
  Prince Ribbit (D:5)
  9 slime creatures
  A hornet (D:11)
  10 blink frogs
  5 dream sheep
  8 hippogriffs
  Sigmund (D:5)
  A shadow (D:11)
  4 wraiths
  A vampire (D:12)
  A water elemental (D:11)
  4 hogs
  A human (D:9)
  A basilisk (D:13)
  2 fire elementals (Volcano)
  2 wyverns
  41 yaks
  2 hungry ghosts (D:12)
  A soldier ant (D:14)
  4 water moccasins
  25 nagas
  4 porcupines
  32 orc warriors
  11 ice beasts
  A phantom (D:10)
  3 black bears
  7 sky beasts
  20 wolves
  6 ogres
  10 centaurs
  8 crocodiles
  Blork the orc (D:5)
  A big kobold (D:7)
  A gnoll sergeant (D:8)
  16 bullfrogs
  2 earth elementals (Volcano)
  A wyvern skeleton (D:11)
  5 scorpions
  4 killer bees (D:11)
  5 wights
  4 howler monkeys
  2 electric eels
  9 crimson imps
  6 lava snakes (Snake:1)
  2 bullfrog skeletons
  12 hounds
  A quasit (D:10)
  A bullfrog zombie (D:7)
  4 jellies
  A gnoll shaman (D:4)
  A centaur skeleton (D:9)
  17 orc wizards
  Jessica (D:2)
  12 orc priests
  Ijyb (D:3)
  An iguana (D:10)
  12 worker ants
  2 hound skeletons
  2 worker ant zombies
  17 gnolls
  A river rat (Lair:6)
  12 adders
  5 shadow imps
  An ooze (D:5)
  2 adder zombies
  3 adder skeletons
  5 worms
  4 dart slugs
  5 leopard geckos
  65 orcs
  3 ball pythons
  15 giant cockroaches
  14 goblins
  7 hobgoblins
  10 jackals
  29 kobolds
  6 quokkas
  7 bats
  4 frilled lizards
  A quokka skeleton (D:5)
  A quokka zombie (D:5)
  11 rats
  A fungus (D:8)
771 creatures vanquished.

Vanquished Creatures (collateral kills)
  5 nagarajas
  An orc warlord (Orc:2)
  2 vault guards (D:14)
  A naga warrior (Snake:3)
  2 hydras
  An anaconda (Snake:1)
  3 two-headed ogres
  A tengu warrior (D:15)
  4 death yaks
  7 naga sharpshooters
  An orc high priest (Orc:2)
  2 skeletal warriors (D:14)
  A sea snake (Snake:3)
  A lindwurm (Lair:6)
  2 naga ritualists
  2 orc knights
  6 mana vipers
  A cyclops (D:14)
  An orc sorcerer (Orc:2)
  A manticore (D:12)
  2 ugly things
  4 guardian serpents
  2 black mambas
  7 elephants (Lair:6)
  4 naga magi
  2 gargoyles
  A centaur skeleton (D:14)
  5 spiny frogs
  2 komodo dragons
  A polar bear (Lair:6)
  3 hippogriffs
  5 slime creatures
  7 blink frogs
  11 dream sheep
  A wyvern (Lair:5)
  Grum (D:8)
  A basilisk (Lair:5)
  A human (D:14)
  A hog (D:9)
  21 yaks
  A warg (Orc:2)
  A soldier ant (D:12)
  15 nagas
  3 water moccasins
  15 orc warriors
  5 porcupines
  An ice beast (D:10)
  3 ogres (Orc:2)
  A phantom (D:12)
  A sky beast (D:10)
  A black bear (Lair:6)
  13 wolves
  4 centaurs
  10 crocodiles
  5 bullfrogs
  A wyvern skeleton (D:14)
  A scorpion (D:8)
  A killer bee (D:11)
  2 wights
  An electric eel (D:11)
  A lava snake (D:11)
  9 orc priests
  11 orc wizards
  3 gnolls
  An adder (D:8)
  A shadow imp (D:11)
  27 orcs
  14 fungi
  43 plants
322 creatures vanquished.

Vanquished Creatures (others)
  2 skeletal warriors
  2 anaconda zombies
  A phantasmal warrior (Orc:2)
  A wizard (D:11)
  3 hydra zombies
  3 ugly thing zombies
  3 guardian serpent zombies
  A vampire (Orc:2)
  16 flying skulls
  10 black mamba zombies
  2 wraiths
  A two-headed ogre zombie (D:15)
  2 spiny frog zombies
  A manticore zombie (D:15)
  2 dream sheep zombies (Lair:6)
  5 blink frog zombies
  An elephant zombie (Lair:6)
  A blink frog skeleton (Lair:6)
  An elephant skeleton (Lair:6)
  3 hippogriff zombies
  3 komodo dragon zombies
  3 salamander zombies
  An elf skeleton (Lair:6)
  A wyvern zombie (Lair:5)
  A warg zombie (Orc:2)
  13 yak zombies
  3 wights
  8 wolf zombies (Lair:6)
  2 centaur zombies
  2 bullfrog zombies
  A human zombie (D:8)
  2 black bear zombies
  A porcupine zombie (Lair:1)
  A human skeleton (Lair:6)
  2 crocodile zombies
  14 naga zombies
  2 ogre zombies (Orc:2)
  2 naga skeletons (Snake:4)
  2 dwarf skeletons (Lair:6)
  A hound skeleton (D:8)
  26 orc zombies
  2 gnoll zombies (Orc:2)
  A quokka (D:8)
  A ball python zombie (Snake:1)
  A hobgoblin zombie (Bailey)
  3 kobold zombies (Bailey)
  An orc skeleton (Orc:2)
  14 fungi
  44 plants
  37 spectral weapons
256 creatures vanquished.

Grand Total: 1349 creatures vanquished

Notes
Turn   | Place    | Note
-------+----------+-------------------------------------------
     0 | D:1      | Gruesph the Merfolk Skald began the quest for the Orb.
     0 | D:1      | Reached XP level 1. HP: 16/16 MP: 3/3
   315 | D:1      | Reached XP level 2. HP: 21/22 MP: 0/5
   335 | D:1      | Learned a level 2 spell: Song of Slaying
  1104 | D:2      | Reached XP level 3. HP: 27/27 MP: 1/6
  1996 | D:2      | Noticed Jessica
  2007 | D:2      | Killed Jessica
  2007 | D:2      | Reached skill level 5 in Polearms
  2007 | D:2      | Reached XP level 4. HP: 33/33 MP: 2/7
  2062 | D:2      | Learned a level 2 spell: Shroud of Golubria
  2391 | D:2      | Found a runed translucent door.
  2392 | D:2      | Noticed Crazy Yiuf
  2784 | D:3      | Noticed Ijyb
  2809 | D:3      | Killed Ijyb
  2809 | D:3      | Reached XP level 5. HP: 13/38 MP: 0/8
  3333 | D:3      | Found an ornate altar of the Wu Jian Council.
  3495 | D:3      | Reached skill level 5 in Charms
  3921 | D:3      | Learned a level 3 spell: Regeneration
  4063 | D:3      | Found a hazy altar of Hepliaklqana.
  4087 | D:3      | Reached XP level 6. HP: 39/44 MP: 9/9
  4697 | D:4      | Found a sparkling altar of Nemelex Xobeh.
  4703 | D:4      | Found Zeanaj's Antique Armour Boutique.
  5151 | D:4      | Reached XP level 7. HP: 43/50 MP: 2/10
  5670 | D:4      | Found a stormy altar of Qazlal.
  6046 | D:5      | Entered Level 5 of the Dungeon
  6075 | D:5      | Found a shimmering altar of Xom.
  6075 | D:5      | Found a shimmering altar of Xom.
  6076 | D:5      | Found a shimmering altar of Xom.
  6076 | D:5      | Found a shimmering altar of Xom.
  6076 | D:5      | Found a shimmering altar of Xom.
  6098 | D:5      | Noticed Sigmund
  6109 | D:5      | Killed Sigmund
  6109 | D:5      | Reached skill level 10 in Polearms
  6109 | D:5      | Reached XP level 8. HP: 51/56 MP: 1/11
  6711 | D:5      | Found a shattered altar of Ashenzari.
  6820 | D:5      | Noticed Prince Ribbit
  6834 | D:5      | Killed Prince Ribbit
  6842 | D:5      | Learned a level 3 spell: Spectral Weapon
  6983 | D:5      | Reached skill level 1 in Hexes
  6983 | D:5      | Reached skill level 1 in Necromancy
  6983 | D:5      | Reached skill level 1 in Translocations
  6983 | D:5      | Reached XP level 9. HP: 59/61 MP: 0/12
  7153 | D:5      | Noticed Blork the orc
  7163 | D:5      | Killed Blork the orc
  7274 | D:5      | Found a glowing silver altar of Zin.
  7983 | D:7      | Found a staircase to the Ecumenical Temple.
  7990 | Temple   | Entered the Ecumenical Temple
  8431 | Temple   | Became a worshipper of Yredelemnul the Dark
  8599 | D:7      | Reached skill level 1 in Evocations
  8681 | D:7      | Reached skill level 1 in Invocations
  9000 | D:7      | Got a twisted cloak
  9253 | D:7      | Reached skill level 5 in Dodging
  9258 | D:7      | Reached * piety under Yredelemnul
  9408 | D:7      | Found Disutiv's Gadget Boutique.
  9415 | D:7      | Bought a wand of iceblast (9) for 169 gold pieces
 10099 | D:7      | Identified the cursed -2 cloak "Qosizi" {Dex+8} (You found
                  | it on level 7 of the Dungeon)
 10888 | D:8      | Reached skill level 5 in Fighting
 10908 | D:8      | Reached XP level 10. HP: 74/74 MP: 7/13
 11078 | D:8      | Noticed Joseph
 11106 | D:8      | Killed Joseph
 11251 | D:8      | Found a white marble altar of Elyvilon.
 11491 | D:8      | Reached ** piety under Yredelemnul
 11613 | D:8      | Noticed Grum
 11634 | D:8      | Killed Grum
 11774 | D:8      | Found a staircase to the Lair.
 11875 | D:8      | Found a runed translucent door.
 12355 | D:8      | Your ally Joseph died
 12362 | D:8      | Reached skill level 5 in Invocations
 12508 | D:8      | Found a radiant altar of Vehumet.
 12548 | D:8      | Noticed Ananasrisotto's ghost (novice HOMo)
 12571 | D:8      | Killed Ananasrisotto's ghost
 12686 | Lair:1   | Entered Level 1 of the Lair of Beasts
 12790 | Lair:1   | Reached skill level 5 in Evocations
 13322 | Lair:1   | Reached XP level 11. HP: 29/83 MP: 12/15
 13695 | Lair:1   | Got a shimmering dagger
 14149 | Lair:1   | Identified the +6 dagger "Xahaj" {freeze, +Rage} (You found
                  | it on level 1 of the Lair of Beasts)
 14262 | Lair:1   | HP: 4/84 [poisoned by a spiny frog]
 14268 | Lair:1   | HP: 4/84 [poisoned by a spiny frog]
 14275 | Lair:1   | HP: 3/84 [poisoned by a spiny frog]
 14605 | Lair:2   | Noticed a six-headed hydra
 14615 | Lair:1   | Killed a six-headed hydra
 14685 | Lair:2   | Noticed an eight-headed hydra
 14693 | Lair:2   | Killed an eight-headed hydra
 16209 | Lair:2   | Found a staircase to the Shoals.
 16692 | Lair:2   | HP: 4/86 [komodo dragon (17)]
 17133 | Lair:3   | Reached skill level 10 in Dodging
 17349 | Lair:3   | Noticed a six-headed hydra
 17776 | Lair:3   | Reached XP level 12. HP: 92/94 MP: 10/18
 17944 | Lair:3   | Reached *** piety under Yredelemnul
 18173 | Lair:3   | Killed a six-headed hydra
 18496 | Lair:3   | Found a staircase to the Snake Pit.
 19018 | Lair:4   | Noticed a catoblepas
 19083 | Lair:4   | Got a jewelled helmet
 19093 | Lair:3   | Identified the +2 helmet of Ucierifi {rPois rCorr} (You
                  | found it on level 4 of the Lair of Beasts)
 19186 | Lair:4   | HP: 3/96 [black mamba (3)]
 19555 | Lair:4   | Killed a catoblepas
 19892 | Lair:4   | Got a bloodstained spear
 20034 | Lair:4   | Reached skill level 10 in Fighting
 20110 | Lair:4   | Reached skill level 5 in Spellcasting
 20704 | Lair:5   | Noticed an eight-headed hydra
 20767 | Lair:5   | Killed an eight-headed hydra
 20794 | Lair:5   | Received a gift from Yredelemnul (3 flying skulls)
 20874 | Lair:5   | Found a viscous altar of Jiyva.
 20874 | Lair:5   | Found a staircase to the Slime Pits.
 20978 | Lair:5   | Noticed an eight-headed hydra
 20978 | Lair:5   | Noticed a six-headed hydra
 20980 | Lair:5   | Noticed a four-headed hydra
 20988 | Lair:5   | Killed a six-headed hydra
 20993 | Lair:5   | Killed an eight-headed hydra
 20993 | Lair:5   | Reached skill level 10 in Invocations
 20997 | Lair:5   | Killed a four-headed hydra
 21037 | Lair:5   | Reached XP level 13. HP: 43/103 MP: 13/20
 21041 | Lair:5   | Reached **** piety under Yredelemnul
 21397 | Lair:5   | Found an ancient bone altar of Kikubaaqudgha.
 21656 | Lair:5   | Identified the +9 spear of Luxury {elec, MR++} (You found
                  | it on level 4 of the Lair of Beasts)
 21821 | Lair:6   | Entered Level 6 of the Lair of Beasts
 21826 | Lair:6   | Got an ichor-stained scale mail
 21848 | Lair:5   | Identified the +4 scale mail "Wounik" {rCorr Str+4} (You
                  | found it on level 6 of the Lair of Beasts)
 21981 | Lair:6   | Reached skill level 1 in Armour
 22274 | Lair:5   | Received a gift from Yredelemnul (a wight)
 22933 | Lair:4   | Reached skill level 10 in Charms
 23741 | Lair:6   | Received a gift from Yredelemnul (a wraith)
 25338 | Lair:6   | Reached XP level 14. HP: 108/113 MP: 13/21
 25371 | Lair:6   | Reached ***** piety under Yredelemnul
 27722 | D:9      | Received a gift from Yredelemnul (4 flying skulls)
 28436 | D:10     | Entered Level 10 of the Dungeon
 28475 | D:10     | Received a gift from Yredelemnul (3 flying skulls)
 28525 | D:10     | Found a portal to a secret trove of treasure.
 29601 | D:11     | Found a frozen archway.
 29611 | IceCv    | Entered an ice cave
 29617 | IceCv    | Reached skill level 5 in Armour
 29633 | IceCv    | Received a gift from Yredelemnul (3 flying skulls)
 29730 | IceCv    | Found a transporter.
 30231 | D:11     | Received a gift from Yredelemnul (a wight)
 30400 | D:11     | Found a bloodstained altar of Trog.
 30777 | D:12     | Found a staircase to the Orcish Mines.
 31348 | D:12     | Got a polished long sword
 31442 | D:12     | Got a pitted mace
 31532 | D:12     | Received a gift from Yredelemnul (a wight)
 31670 | D:12     | Identified the +5 mace "Nukhlearr" {drain, rElec} (You
                  | found it on level 12 of the Dungeon)
 31671 | D:12     | Identified the +6 long sword "Kedaseuts" {elec, -Tele Str+5
                  | Int+7} (You found it on level 12 of the Dungeon)
 32092 | Orc:1    | Entered Level 1 of the Orcish Mines
 32816 | Orc:1    | Noticed Fannar
 32836 | Orc:1    | Killed Fannar
 32854 | Orc:1    | Received a gift from Yredelemnul (a vampire)
 33199 | Orc:2    | Entered Level 2 of the Orcish Mines
 33204 | Orc:2    | Found a staircase to the Elven Halls.
 33261 | Orc:2    | Found a dark tunnel.
 33328 | Orc:2    | Received a gift from Yredelemnul (3 flying skulls)
 33436 | Volcano  | Entered a volcano
 33595 | Volcano  | Noticed a stone giant
 33617 | Volcano  | Killed a stone giant
 34191 | Orc:2    | Received a gift from Yredelemnul (a skeletal warrior)
 34547 | Orc:1    | Found a roughly hewn altar of Beogh.
 34557 | Orc:1    | Received a gift from Yredelemnul (a wraith)
 34813 | Orc:2    | Noticed an orc warlord
 34822 | Orc:2    | Received a gift from Yredelemnul (a phantasmal warrior)
 34948 | Orc:2    | Received a gift from Yredelemnul (a wraith)
 35260 | Orc:2    | Reached XP level 15. HP: 26/122 MP: 12/25
 35267 | Orc:2    | Killed an orc warlord
 35492 | Orc:2    | Reached ****** piety under Yredelemnul
 35725 | Orc:2    | Received a gift from Yredelemnul (a wraith)
 35753 | Orc:2    | Found Powofo Ulac's Antique Armour Emporium.
 35754 | Orc:2    | Found Wejimoh's Antique Weapon Shoppe.
 35755 | Orc:2    | Found Kamnem's General Store.
 35755 | Orc:2    | Found Origeky's Book Emporium.
 35759 | Orc:2    | Bought a potion of mutation for 120 gold pieces
 35759 | Orc:2    | Bought a scroll of teleportation for 45 gold pieces
 35851 | Orc:2    | Bought an embroidered cloak for 225 gold pieces
 35858 | Orc:2    | Bought a polished leather armour for 210 gold pieces
 35868 | Orc:2    | Identified the +2 leather armour "Pohygh" {rElec rF+} (You
                  | bought it in a shop on level 2 of the Orcish Mines)
 35878 | Orc:2    | Bought a book of Minor Magic for 260 gold pieces
 35878 | Orc:2    | Bought a book of Burglary for 975 gold pieces
 35881 | Orc:2    | Learned a level 2 spell: Swiftness
 35884 | Orc:2    | Learned a level 2 spell: Blink
 35889 | Orc:2    | Learned a level 4 spell: Passage of Golubria
 36070 | D:13     | Noticed Urug
 36083 | D:13     | Killed Urug
 36190 | D:13     | Your ally Urug died
 36406 | D:13     | Received a gift from Yredelemnul (a vampire knight)
 36811 | D:13     | Found a shimmering blue altar of Sif Muna.
 37165 | D:14     | Found a flagged portal.
 37184 | D:14     | Received a gift from Yredelemnul (a vampire knight)
 37335 | Bailey   | Entered a bailey
 37611 | Bailey   | Identified the +6 whip of Izxoaf {protect, *Corrode Str+4}
 37638 | Bailey   | Received a gift from Yredelemnul (a bone dragon)
 38962 | D:14     | Noticed Kirke
 38993 | D:14     | Killed Kirke
 39137 | D:14     | Received a gift from Yredelemnul (a bone dragon)
 39269 | D:14     | Noticed Louise
 39285 | D:14     | Killed Louise
 39419 | D:14     | Found a gate to the Vaults.
 39509 | D:15     | Entered Level 15 of the Dungeon
 39545 | D:15     | Received a gift from Yredelemnul (a skeletal warrior)
 40077 | D:15     | Reached XP level 16. HP: 132/132 MP: 24/28
 40309 | D:15     | Reached skill level 5 in Translocations
 40537 | D:15     | Found a glowing silver altar of Zin.
 40668 | D:15     | Received a gift from Yredelemnul (a flayed ghost)
 40796 | D:15     | Found a staircase to the Depths.
 41158 | Snake:1  | Entered Level 1 of the Snake Pit
 41194 | Snake:1  | Reached skill level 15 in Dodging
 41645 | Snake:1  | Received a gift from Yredelemnul (a ghoul)
 41708 | Snake:1  | Found Yneimuseci's Gadget Shop.
 41765 | Snake:1  | Bought a wand of digging (6) for 320 gold pieces
 41765 | Snake:1  | Bought a wand of iceblast (6) for 160 gold pieces
 42269 | Snake:2  | Noticed a nagaraja
 42289 | Snake:2  | Killed a nagaraja
 42629 | Snake:2  | Noticed a nagaraja
 42640 | Snake:2  | Killed a nagaraja
 42659 | Snake:2  | Received a gift from Yredelemnul (a ghoul)
 42734 | Snake:2  | Noticed a nagaraja
 42743 | Snake:2  | Killed a nagaraja
 43274 | Snake:2  | Received a gift from Yredelemnul (a profane servitor)
 43709 | Snake:3  | Noticed a nagaraja
 43720 | Snake:3  | Killed a nagaraja
 43720 | Snake:3  | Reached skill level 10 in Spellcasting
 43841 | Snake:3  | Received a gift from Yredelemnul (a vampire knight)
 43863 | Snake:3  | Reached skill level 15 in Fighting
 44057 | Snake:3  | Reached XP level 17. HP: 104/142 MP: 25/31
 44499 | Snake:3  | Found Wikon's Assorted Antiques.
 44893 | Snake:3  | Received a gift from Yredelemnul (a vampire knight)
 45070 | Snake:4  | Entered Level 4 of the Snake Pit
 45638 | Snake:4  | Reached skill level 1 in Shields
 46484 | Snake:4  | Found Sauvif's Distillery.
 46485 | Snake:4  | Found Zeazerus's Distillery.
 46485 | Snake:4  | Found Ziduhic's Magic Scroll Shop.
 46503 | Snake:4  | Found Ediph's Book Shop.
 46505 | Snake:4  | Bought a potion of heal wounds for 100 gold pieces
 46505 | Snake:4  | Bought a potion of haste for 200 gold pieces
 46505 | Snake:4  | Bought a potion of heal wounds for 100 gold pieces
 46508 | Snake:4  | Bought a potion of heal wounds for 90 gold pieces
 46508 | Snake:4  | Bought a potion of heal wounds for 90 gold pieces
 46514 | Snake:4  | Bought a scroll of blinking for 112 gold pieces
 46822 | Snake:4  | Slain by a nagaraja

Levels and vault maps discovered:
D:1:      dpeg_arrival_circle_labyrinth_a, layout_loops_ring,
          serial_bayou_pond_b
D:2:      layout_loops_cross, serial_co_window_serial, co_window_paths_a,
          co_window_paths_a, co_window_cross_1, co_window_paths_a,
          co_window_cross_1, co_window_of_opportunity_a, co_window_corner_a,
          co_window_corner_cb, co_window_corner_b, co_window_broadway_c,
          co_window_paths_c, co_window_sun, glass_columns_a, glass_columns_a,
          glass_columns_c, glass_columns_b, glass_columns_b,
          kennysheep_jessica_study, uniq_crazy_yiuf_cottage
D:3:      minmay_roachtagon, layout_basic, lemuel_doored_altar,
          old_standard_altar, kennysheep_nondescript, uniq_ijyb
D:4:      layout_gridville, nicolae_overflow_crystal_walls,
          lemuel_crystal_altar, serial_shops, nicolae_shop_overgrown_old_shop
D:5:      layout_gridville, old_standard_altar, xom_redecorated, first_ration,
          minivault_23, corexii_leaking_fountain, nicolae_ashenzari_panopticon,
          uniq_sigmund, uniq_prince_ribbit1, uniq_blork_the_orc
D:6:      layout_basic
D:7:      layout_basic, minmay_temple_entry_junction, serial_shops, shop
D:8:      layout_gridville, overflow_temple_1_default, elyvilon_altar_4,
          grunt_lair_entry_orc_guard_hut, ebering_ghost_reflecting_pool,
          uniq_grum, uniq_joseph
D:9:      layout_irregular_city, grunt_livestock
D:10:     layout_long_grid, enter_trove_1
D:11:     layout_basic, portal_ice_cave_entry_pillars_1, serial_bayou,
          serial_bayou_lagoon_a, serial_bayou_shore_b, serial_bayou_shore_a,
          serial_bayou_pond_a, kennysheep_donut, trog_wizard
D:12:     layout_irregular_city, orc_0_dummy, kennysheep_generic_room_7
D:13:     layout_long_grid, gauntlet_entry_generic, lemuel_blue_sif_altar,
          uniq_urug
D:14:     layout_roguey, grunt_vaults_entry_fortified, enter_bailey_6,
          minivault_25, small_statue_intersection, uniq_kirke, uniq_louise
D:15:     gammafunk_enter_depths_forms, layout_grid_maze, zin_angel, drop_trap
Temple:   eino_temple_water
Lair:1:   layout_hall_layers, beast_lair_carwin_2, infiniplex_staircase_pool_2,
          serial_bayou_shore_b, serial_bayou_shore_b
Lair:2:   layout_regular_city, minmay_shoals_entry_centaurs
Lair:3:   layout_chaotic_city, guppyfry_snake_entry_island, lemuel_fruit_tree,
          grunt_megastairs_5, infiniplex_staircase_pool
Lair:4:   layout_gridlike
Lair:5:   layout_hall_layers, slime_altar_1, lemuel_oklob_altar,
          grunt_megastairs_3
Lair:6:   grunt_lair_end_beastmaster, layout_gridlike, grunt_megastairs_2
Snake:1:  layout_cave_shapes, serial_shops, shop,
          nicolae_snake_round_shape_thing, nicolae_snake_lava_pool
Snake:2:  layout_rooms
Snake:3:  layout_misc_corridors, serial_shops, nicolae_shop_overgrown_old_shop,
          serial_bayou, serial_bayou_pond_d, serial_bayou_pond_c,
          serial_bayou_shore_b, serial_bayou_ford_a, st_stairs_5,
          grunt_ministairs_11
Snake:4:  snake_hunt, layout_misc_corridors, grunt_ministairs_3,
          minmay_shoptagon
Orc:1:    layout_diamond_mine, mines2_david, uniq_fannar
Orc:2:    st_orc_congregation, layout_diamond_mine,
          nicolae_volcano_entry_two_sided

Skill      XL: |  1  2  3  4  5  6  7  8  9 10 11 12 13 14 15 16 17 |
---------------+----------------------------------------------------+-----
Polearms       | 4 5 7 8 10 12 13 14 | 14.0
Charms         | 4 5 7 8 9 10 | 10.0
Hexes          | 1 2 3 |  3.0
Necromancy     | 1 2 3 |  3.0
Translocations | 1 2 3 4 5 |  5.0
Dodging        | 6 8 10 11 13 14 15 | 15.0
Fighting       | 5 6 8 10 11 12 13 15 | 15.0
Evocations     | 3 5 6 7 |  7.3
Invocations    | 3 5 8 10 | 10.8
Spellcasting   | 5 6 8 10 | 10.6
Armour         | 4 5 7 8 9 |  9.6
Shields        | 2 |  2.3

Action                   |  1- 3 |  4- 6 |  7- 9 | 10-12 | 13-15 | 16-18 || total
-------------------------+-------+-------+-------+-------+-------+-------++-------
Melee: Spear             |   151 |   333 |   573 |    67 |  1043 |   624 ||  2791
       Trident           |       |       |       |   703 |   456 |       ||  1159
Throw: Stone             |     1 |     2 |     2 |       |       |       ||     5
       Dart              |       |       |       |     2 |       |       ||     2
 Cast: Infusion          |     9 |     8 |    24 |     7 |     9 |       ||    57
       Song of Slaying   |     4 |     6 |     7 |    10 |     6 |       ||    33
       Shroud of Golubri |       |     1 |    22 |     5 |    21 |     9 ||    58
       Spectral Weapon   |       |       |     1 |    37 |    69 |    41 ||   148
       Regeneration      |       |       |       |    25 |    56 |    29 ||   110
Invok: Animate Remains   |       |       |       |    23 |       |       ||    23
       Animate Dead      |       |       |       |     7 |    84 |    42 ||   133
       Recall Undead Sla |       |       |       |       |     9 |     2 ||    11
       Drain Life        |       |       |       |       |       |     1 ||     1
Evoke: Wand              |       |     1 |     7 |    35 |    18 |     5 ||    66
       Phantom mirror    |       |       |       |     1 |       |       ||     1
       Sack of spiders   |       |       |       |       |     1 |       ||     1
       Lamp of fire      |       |       |       |       |     1 |     1 ||     2
  Use: Scroll            |       |     8 |    11 |     4 |    13 |     2 ||    38
       Potion            |       |       |       |     3 |     6 |     9 ||    18
 Stab: Distracted        |       |     1 |       |     8 |    22 |    17 ||    48
       Paralysed         |       |       |    15 |     7 |       |     2 ||    24
       Petrified         |       |       |       |       |    13 |       ||    13
  Eat: Chunk             |     4 |     7 |    17 |    39 |    39 |     3 ||   109
       Ration            |       |     1 |     1 |     6 |    18 |    12 ||    38
Armor: Leather armour    |     4 |       |       |       |    48 |    92 ||   144
       Ring mail         |    23 |    90 |   132 |   120 |    23 |       ||   388
       Skin              |       |       |       |     9 |       |       ||     9
       Scale mail        |       |       |       |       |   173 |       ||   173
Dodge: Dodged            |    62 |   152 |   184 |   372 |   711 |   268 ||  1749
Block: Shield            |       |       |       |       |       |    37 ||    37
